 Dungeon Crawl Stone Soup version 0.23.0-3-gf3c87f2 (webtiles) character file.

Game seed: 3159853177168045086

4423 DarkinPup the Skirmisher (level 10, -1/79 HPs)
             Began as a Demonspawn Gladiator on Feb 25, 2019.
             Was a Follower of Fedhas.
             Slain by a soldier ant (5 damage)
             ... on level 8 of the Dungeon.
             The game lasted 00:15:36 (6774 turns).

DarkinPup the Skirmisher (Demonspawn Gladiator)     Turns: 6774, Time: 00:15:37

Health: -1/79      AC:  9    Str: 16    XL:     10   Next: 14%
Magic:  14/14      EV: 15    Int: 11    God:    Fedhas [*.....]
Gold:   635        SH:  0    Dex: 17    Spells: 14/14 levels left

rFire    + . .     SeeInvis +   m - +1 scimitar (freeze)
rCold    . . .     Gourm    .   (no shield)
rNeg     . . .     Faith    .   k - +0 ring mail
rPois    .         Spirit   .   (helmet restricted)
rElec    .         Reflect  .   (no cloak)
rCorr    .         Harm     .   (no gloves)
MR       .....                  (no boots)
Stlth    ++........             (no amulet)
HPRegen  0.23/turn              x - ring of see invisible
MPRegen  0.14/turn              p - +1 ring of protection

@: no status effects
A: antennae 1, hooves 1, iridescent scales 1, clever 1, fire resistance 1,
nightstalker 1, spiny 2
a: Fungal Bloom, Sunlight, Renounce Religion


You were on level 8 of the Dungeon.
You worshipped Fedhas.
Fedhas was aware of your devotion.
You were not hungry.

You visited 2 branches of the dungeon, and saw 9 of its levels.
You also visited: Ossuary.

You collected 635 gold pieces.

Inventory:

Hand Weapons
 g - a +1 long sword
 m - a +1 scimitar of freezing (weapon)
Missiles
 d - 3 throwing nets (quivered)
Armour
 k - a +0 ring mail (worn)
Jewellery
 p - a +1 ring of protection (right hand)
 q - an uncursed ring of wizardry
 r - an uncursed ring of ice
 w - an uncursed ring of protection from cold
 x - a ring of see invisible (left hand)
 F - an uncursed ring of positive energy
Wands
 n - a wand of random effects (26)
 z - a wand of flame (21)
 H - a wand of polymorph (13)
 I - a wand of paralysis (12)
Scrolls
 a - a scroll of identify
 b - 3 scrolls of blinking
 e - 2 scrolls of fear
 i - 3 scrolls of random uselessness
 j - a scroll of amnesia {unknown}
 s - 3 scrolls of fog {unknown}
 u - 6 scrolls of remove curse
 v - 4 scrolls of immolation {unknown}
 y - a scroll of enchant armour {unknown}
 G - a scroll of torment {unknown}
 J - 3 scrolls of teleportation
 K - a scroll of magic mapping {unknown}
Potions
 c - 3 potions of agility
 h - 5 potions of haste
 l - 4 potions of curing
 o - 2 potions of flight
 t - 6 potions of heal wounds
 A - 2 potions of lignification
 B - a potion of berserk rage
 C - a potion of brilliance {unknown}
 D - a potion of resistance
 E - a potion of magic
Comestibles
 f - 12 rations


   Skills:
 * Level 7.6 Fighting
 * Level 7.3 Long Blades
 - Level 1.7 Throwing
 * Level 6.2 Armour
 * Level 7.1 Dodging
 - Level 2.7 Spellcasting


You had 14 spell levels left.
You didn't know any spells.
Your spell library was empty.

Dungeon Overview and Level Annotations

Branches:
Dungeon (8/15)             Temple (1/1) D:4
   Lair: D:8-11

Altars:
Ashenzari
Cheibriados
Dithmenos
Elyvilon
Fedhas
Gozag
Hepliaklqana
Kikubaaqudgha
Makhleb
Nemelex Xobeh
Okawaru
Qazlal
Ru
Sif Muna
Trog
Uskayaw
Vehumet
Wu Jian
Xom
Yredelemnul
Zin
The Shining One

Shops:
D:7 *?!?*


Innate Abilities, Weirdness & Mutations

You have large cloven feet.
You are partially covered in iridescent scales. (AC +2)
You are slightly more attuned to the shadows.
You are mostly covered in sharp spines.
You have a pair of small antennae on your head.
Your mind is acute. (Int +2)
Your flesh is heat resistant. (rF+)


Message History

You hit the cyclops. You freeze the cyclops.
You kick the cyclops, but do no damage.
The cyclops is almost dead.
A nearby toadstool withers and dies.
The cyclops hits you.
* * * LOW HITPOINT WARNING * * *
The soldier ant misses you.
Unknown command.
You barely miss the cyclops. You kick the cyclops.
The cyclops is almost dead.
The soldier ant barely misses you.
Unknown command.
You slash the cyclops! You freeze the cyclops.
You kill the cyclops!
The soldier ant is struck by your spines.
The soldier ant barely misses you.
You closely miss the soldier ant.
The soldier ant is heavily wounded.
The soldier ant stings you.
You die...
Fedhas appreciates your contribution to the ecosystem.

#...............###.####.##..
#...................#!#......
#...)...........##.##.#.###..
#...............##....#..# .
#...............##..#....#
##..............#####.####
##...#####.##### #.# #.#.##.
##.=# ... #.#.##..##@(# ####
..#.# #.a##..# #.##.# #.)#
..# .. .. ..##. ##.. .# #..
.. #.# #.# ##. .# #. .. # ##


You could see a soldier ant.

Vanquished Creatures
  A cyclops (D:8)
  A hippogriff (D:7)
  A water moccasin (D:8)
  Duvessa (D:5)
  3 sky beasts (D:7)
  An ice beast (D:7)
  A phantom (D:4)
  A necrophage (D:7)
  2 ogres (D:8)
  2 centaurs
  A crocodile (D:8)
  An elf zombie (Ossuary)
  2 bullfrogs (D:7)
  A wyvern zombie (D:7)
  Dowan (D:5)
  2 scorpions
  A killer bee (D:7)
  12 wights (D:7)
  A howler monkey (D:5)
  2 crimson imps
  4 bullfrog zombies
  2 jellies
  7 hounds
  A human zombie (Ossuary)
  A gnoll shaman (Temple)
  5 orc priests
  2 centaur skeletons
  A bullfrog skeleton (D:8)
  Ijyb (D:5)
  6 iguanas
  5 orc wizards
  Natasha (thrice) (D:2)
  5 worker ants
  3 hound zombies
  A hound skeleton (D:7)
  4 mummies (Ossuary)
  Robin (D:4)
  13 gnolls
  6 adders
  3 shadow imps
  2 adder skeletons
  2 worms (D:4)
  2 dart slugs
  5 leopard geckos
  27 orcs
  8 giant cockroaches
  3 gnoll zombies (Ossuary)
  20 goblins
  8 hobgoblins
  5 jackals
  4 quokkas
  3 ball pythons
  11 bats
  3 frilled lizards
  A goblin zombie (Ossuary)
  A jackal skeleton (D:6)
  A jackal zombie (Ossuary)
  6 kobolds
  An orc zombie (Ossuary)
  12 rats
  2 rat zombies (Ossuary)
239 creatures vanquished.

Vanquished Creatures (others)
  38 toadstools
38 creatures vanquished.

Grand Total: 277 creatures vanquished

Notes
Turn   | Place    | Note
-------+----------+-------------------------------------------
     0 | D:1      | DarkinPup the Demonspawn Gladiator began the quest for the
                  | Orb.
     0 | D:1      | Reached XP level 1. HP: 16/16 MP: 1/1
   271 | D:1      | Gained mutation: You are slightly more attuned to the
                  | shadows. [demonic ancestry]
   271 | D:1      | Reached XP level 2. HP: 18/22 MP: 2/2
   757 | D:1      | Gained mutation: You are partially covered in iridescent
                  | scales. (AC +2) [demonic ancestry]
   757 | D:1      | Reached XP level 3. HP: 28/28 MP: 3/3
  1266 | D:2      | Reached skill level 1 in Armour
  1266 | D:2      | Reached XP level 4. HP: 5/34 MP: 4/4
  1470 | D:2      | Noticed Natasha
  1474 | D:2      | Killed Natasha
  1535 | D:2      | Noticed Natasha
  1544 | D:2      | Killed Natasha
  1544 | D:2      | Reached XP level 5. HP: 26/41 MP: 5/5
  1645 | D:2      | Noticed Natasha
  1657 | D:2      | Killed Natasha
  2018 | D:3      | Gained mutation: You have a pair of small antennae on your
                  | head. [potion of mutation]
  2018 | D:3      | Gained mutation: Your flesh is heat resistant. (rF+)
                  | [potion of mutation]
  2018 | D:3      | Gained mutation: Your mind is acute. (Int +2) [potion of
                  | mutation]
  2097 | D:3      | Found a shattered altar of Ashenzari.
  2802 | D:4      | Gained mutation: You are partially covered in sharp spines.
                  | [demonic ancestry]
  2802 | D:4      | Reached XP level 6. HP: 42/47 MP: 6/6
  2838 | D:4      | Found a shimmering altar of Xom.
  2841 | D:4      | Noticed Robin
  2857 | D:4      | Killed Robin
  3080 | D:4      | Reached skill level 1 in Spellcasting
  3093 | D:4      | Found a staircase to the Ecumenical Temple.
  3113 | Temple   | Entered the Ecumenical Temple
  3128 | Temple   | Became a worshipper of Fedhas Madash
  3292 | Temple   | Gained mutation: You have large cloven feet. [demonic
                  | ancestry]
  3292 | Temple   | Reached XP level 7. HP: 17/54 MP: 8/8
  3874 | D:5      | Entered Level 5 of the Dungeon
  3887 | D:5      | Reached * piety under Fedhas
  4174 | D:5      | Noticed Dowan
  4178 | D:5      | Noticed Duvessa
  4179 | D:5      | Reached skill level 5 in Long Blades
  4184 | D:5      | Killed Duvessa
  4184 | D:5      | Gained mutation: You are mostly covered in sharp spines.
                  | [demonic ancestry]
  4184 | D:5      | Reached XP level 8. HP: 45/61 MP: 10/10
  4186 | D:5      | Noticed Ijyb
  4187 | D:5      | Killed Dowan
  4187 | D:5      | Reached skill level 5 in Fighting
  4192 | D:5      | Reached skill level 5 in Dodging
  4688 | D:5      | Killed Ijyb
  5472 | D:7      | Found Veyfygg's Distillery.
  5490 | D:7      | Found a snail-covered altar of Cheibriados.
  5505 | D:7      | Found a sand-covered staircase.
  5510 | Ossuary  | Entered an ossuary
  5726 | D:7      | Reached XP level 9. HP: 55/69 MP: 13/13
  5938 | D:7      | Found Zaocil's General Store.
  5980 | D:7      | Reached skill level 5 in Armour
  6026 | D:7      | Found Arokh's Assorted Antiques.
  6077 | D:7      | Found Xoxois's Magic Scroll Boutique.
  6453 | D:7      | Found an iron altar of Okawaru.
  6468 | D:7      | Found Giriqev's Magic Scroll Shop.
  6565 | D:7      | Found a burning altar of Makhleb.
  6752 | D:8      | Reached XP level 10. HP: 64/79 MP: 14/14
  6759 | D:8      | Noticed a cyclops
  6771 | D:8      | HP: 3/79 [cyclops (2)]
  6773 | D:8      | Killed a cyclops
  6774 | D:8      | Slain by a soldier ant

Skill      XL: |  1  2  3  4  5  6  7  8  9 |
---------------+----------------------------+-----
Long Blades    | 3 4 5 6 7 |  7.3
Dodging        | 3 4 5 7 |  7.1
Armour         | 1 2 3 4 6 |  6.2
Fighting       | 3 4 6 7 |  7.6
Spellcasting   | 1 2 |  2.7
Throwing       | |  1.7

Action                   |  1- 3 |  4- 6 |  7- 9 | 10-12 || total
-------------------------+-------+-------+-------+-------++-------
Melee: Long sword        |   104 |   216 |   228 |       ||   548
       Kick              |       |       |   131 |     8 ||   139
       Scimitar          |       |       |    79 |    13 ||    92
Invok: Fungal Bloom      |       |       |    17 |     1 ||    18
Evoke: Wand              |       |     1 |       |       ||     1
  Use: Scroll            |       |     6 |    13 |       ||    19
       Potion            |       |     1 |       |       ||     1
 Stab: Sleeping          |     8 |     6 |     1 |       ||    15
       Distracted        |       |       |     3 |       ||     3
  Eat: Chunk             |     1 |     7 |     7 |       ||    15
       Ration            |       |       |     2 |       ||     2
Armor: Leather armour    |    30 |       |       |       ||    30
       Ring mail         |    26 |    75 |   107 |     2 ||   210
Dodge: Dodged            |    90 |   157 |   221 |     8 ||   476
       Rpst.: Long sword |    23 |    55 |    62 |       ||   140
       Scimitar          |       |       |    13 |     3 ||    16
